 Dungeon Crawl Stone Soup version 0.28.0 (webtiles) character file.

Game seed: 9098930415080070022

773940 hikkokomori the Conqueror (level 27, -34/249 HPs)
             Began as a Formicid Fighter on Feb 14, 2022.
             Was the Champion of Zin.
             Killed from afar by Cerebov (83 damage)
             ... with an iron shot
             ... in Pandemonium on Feb 15, 2022.
             The game lasted 04:48:25 (80032 turns).

hikkokomori the Conqueror (Formicid Fighter)       Turns: 80032, Time: 04:48:30

Health: -34/249    AC: 52    Str: 40    XL:     27
Magic:  37/37      EV: 12    Int: 19    God:    Zin [******]
Gold:   3208       SH: 34    Dex: 14    Spells: 23/38 levels left

rFire   + . .      SeeInvis +   e - +9 executioner's axe (holy)
rCold   + + +      Faith    .   V - +10 tower shield of Ignorance {rN+ Int-4}
rNeg    + + +      Spirit   .   J - +14 crystal plate armour
rPois   ∞          Reflect  +   (helmet unavailable)
rElec   +          Harm     .   D - +2 cloak {rPois}
rCorr   +          Rampage  .   P - +0 pair of gloves of the Morning Star {rElec Regen+}
Will    ++++.                   F - +0 pair of boots "Ahiomeck" {rC++ rN++ Will+ Str-2}
Stlth   ..........              i - amulet of reflection
HPRegen 1.31/turn               h - +4 ring of slaying
MPRegen 0.25/turn               t - ring of Zeong {rF+ Will+ Str+6 Int+2 Dex-3}

@: mighty, vitalised, resistant, fire vulnerable, studying 2 skills
A: permanent stasis, dig shafts and tunnels, antennae 3, four strong arms
}: 6/15 runes: barnacled, slimy, silver, demonic, dark, gossamer
a: Dig, Renounce Religion, Recite, Vitalisation, Imprison, Sanctuary, Donate
Gold


You were in Pandemonium.
You worshipped Zin.
Zin was exalted by your worship.
You visited 13 branches of the dungeon, and saw 58 of its levels.
You visited Pandemonium 1 time, and saw 9 of its levels.
You visited the Abyss 2 times.
You visited 2 bazaars.
You also visited: Sewer, Bailey, Gauntlet and Desolation.

You collected 10488 gold pieces.
You spent 2910 gold pieces at shops.
You donated 4370 gold pieces to Zin.

Inventory:

Hand Weapons
 b - the +7 battleaxe of War {vorpal, Will+ Int+3}
   (Okawaru gifted it to you on level 2 of the Spider Nest)

   It inflicts extra damage upon your enemies.
   Int:       It affects your intelligence (+3).
   Will:      It increases your willpower.
 c - a +5 vorpal arbalest
 e - a +9 executioner's axe of holy wrath (weapon)
 m - the +8 battleaxe of the Wraith {vamp, rF++ Int+2}
   (Okawaru gifted it to you on level 9 of the Dungeon)

   It occasionally heals its wielder for a portion of the damage dealt when it
   wounds a living foe.
   Int:       It affects your intelligence (+2).
   rF:        It greatly protects you from fire.
   Zin disapproves of the use of such an item.
Missiles
 f - 5 boomerangs of dispersal
 l - 1611 bolts
 o - 19 throwing nets
Armour
 n - a scarf of repulsion
 s - the +2 pair of gloves of Negligence {Rampage rC+ Int+8 Dex-3}
   (Okawaru gifted it to you in a Gauntlet)

   Int:       It affects your intelligence (+8).
   Dex:       It affects your dexterity (-3).
   rC:        It protects you from cold.
   Rampage:   It bestows one free step when moving towards enemies.
 D - a +2 cloak of poison resistance (worn)
 F - the +0 pair of boots "Ahiomeck" (worn) {rC++ rN++ Will+ Str-2}
   (Okawaru gifted it to you on level 1 of the Elven Halls)

   Str:       It affects your strength (-2).
   rC:        It greatly protects you from cold.
   rN:        It greatly protects you from negative energy.
   Will:      It increases your willpower.
 G - a scarf of invisibility
 H - the +5 ring mail "Entop" {Dex+4}
   (You found it on level 5 of the Dungeon)

   Dex:       It affects your dexterity (+4).
 J - a +14 crystal plate armour (worn)
 N - the +2 pair of boots of Leadojeh {rF+ Will+ Str+7 Int+4}
   (You bought it in a shop on level 7 of the Dungeon)

   Str:       It affects your strength (+7).
   Int:       It affects your intelligence (+4).
   rF:        It protects you from fire.
   Will:      It increases your willpower.
 P - the +0 pair of gloves of the Morning Star (worn) {rElec Regen+}
   (Okawaru gifted it to you on level 1 of the Elven Halls)

   rElec:     It insulates you from electricity.
   Regen:     It increases your rate of health regeneration.
 V - the +10 tower shield of Ignorance (worn) {rN+ Int-4}
   (You acquired it on level 15 of the Dungeon)

   Int:       It affects your intelligence (-4).
   rN:        It protects you from negative energy.
Jewellery
 h - a +4 ring of slaying (left hand)
 i - an amulet of reflection (around neck)
 p - an amulet of faith
 t - the ring of Zeong (right hand) {rF+ Will+ Str+6 Int+2 Dex-3}
   (You found it in the Desolation of Salt)

   [ring of strength]

   Str:       It affects your strength (+6).
   Int:       It affects your intelligence (+2).
   Dex:       It affects your dexterity (-3).
   rF:        It protects you from fire.
   Will:      It increases your willpower.
 w - a ring of willpower
 y - a ring of poison resistance
 A - a ring of resist corrosion
 R - a ring of willpower
 X - the ring "Kuilof" {Wiz MP-9 Str+5 Stlth+}
   (You took it off a deep elf sorcerer on level 3 of the Elven Halls)

   [ring of wizardry]

   It improves your spell success rate.
   Str:       It affects your strength (+5).
   MP:        It affects your magic capacity (-9).
   Stlth:     It makes you more stealthy.
 Z - the ring of Deriof {Fly rN+ Will+ MP+9}
   (You found it on level 5 of the Pits of Slime)

   [ring of flight]

   rN:        It protects you from negative energy.
   MP:        It affects your magic capacity (+9).
   Fly:       It grants you flight.
   Will:      It increases your willpower.
Wands
 j - a wand of paralysis (31)
 z - a wand of iceblast (33)
 L - a wand of acid (16)
 T - a wand of digging (29)
Scrolls
 r - 10 scrolls of silence
 B - 5 scrolls of enchant weapon
 M - 13 scrolls of magic mapping
 S - 17 scrolls of fog
 Y - 17 scrolls of fear
Potions
 a - 12 potions of lignification
 d - 4 potions of might
 g - 25 potions of curing
 k - 6 potions of mutation
 q - 4 potions of resistance
 x - 10 potions of invisibility
 C - 3 potions of flight
 E - 5 potions of ambrosia
 I - 4 potions of cancellation
 K - 6 potions of heal wounds
 W - 13 potions of brilliance
Miscellaneous
 u - a phial of floods
 v - a box of beasts
 O - a tin of tremorstones (2/2)
 Q - a condenser vane
 U - a lightning rod (4/4)


   Skills:
 O Level 27 Fighting
 + Level 24.7 Axes
 - Level 13.3 Crossbows
 + Level 25.9 Armour
 + Level 11.0 Dodging
 - Level 10.1 Stealth
 - Level 15.0 Shields
 - Level 6.2 Spellcasting
 - Level 10.1 Hexes
 + Level 11.2 Translocations
 - Level 5.5 Transmutations
 - Level 8.2 Earth Magic
 + Level 21.5 Invocations
 - Level 13.2 Evocations


You had 23 spell levels left.
You knew the following spells:

 Your Spells              Type           Power      Damage    Failure   Level
a - Portal Projectile     Hex/Tloc       92%        N/A       4%          3
b - Borgnjor's Vile Clut  Necr/Erth      10%        N/A       99%         5
c - Passwall              Tmut/Erth      26%        N/A       10%         2
d - Passage of Golubria   Tloc           48%        N/A       11%         4
e - Apportation           Tloc           96%        N/A       1%          1

Your spell library contained the following spells:

 Spells                   Type           Power      Damage    Failure   Level
 Slow                     Hex            100%       N/A       1%          1
 Sandblast                Erth           74%        2d16      3%          1
 Gell's Gravitas          Tloc           48%        N/A       3%          3
 Lesser Beckoning         Tloc           48%        N/A       3%          3
 Teleport Other           Tloc           48%        N/A       3%          3
 Confusing Touch          Hex            44%        N/A       5%          3
 Ensorcelled Hibernation  Hex/Ice        50%        N/A       22%         2
 Manifold Assault         Tloc           48%        N/A       30%         5
 Sting                    Tmut/Pois      64%        1d6       34%         1
 Dazzling Flash           Conj/Hex       50%        N/A       38%         3
 Inner Flame              Hex/Fire       25%        N/A       38%         3
 Summon Guardian Golem    Hex/Summ       25%        N/A       38%         3
 Stone Arrow              Conj/Erth      42%        3d9       52%         3
 Petrify                  Tmut/Erth      32%        N/A       54%         4
 Spider Form              Tmut/Pois      16%        N/A       71%         3
 Lee's Rapid Deconstruct  Erth           18%        3d12*     71%         5
 Animate Skeleton         Necr           10%        N/A       75%         1
 Foxfire                  Conj/Fire      20%        2x1d5     75%         1
 Freeze                   Ice            20%        1d4       75%         1
 Pain                     Necr           20%        1d5       75%         1
 Anguish                  Hex/Necr       12%        N/A       80%         4
 Ignite Poison            Fire/Tmut/Pois 12%        N/A       85%         3
 Corpse Rot               Necr/Air       10%        N/A       86%         2
 Poisonous Vapours        Pois/Air       10%        N/A       86%         2
 Dispersal                Tloc           24%        N/A       86%         6
 Animate Armour           Summ/Erth      42%        N/A       90%         4
 Blade Hands              Tmut           13%        N/A       97%         5
 Summon Forest            Summ/Tloc      13%        N/A       97%         5
 Conjure Flame            Conj/Fire      5%         6-21      98%         3
 Frozen Ramparts          Ice            10%        1d3       98%         3
 Ozocubu's Armour         Ice            5%         N/A       98%         3
 Vampiric Draining        Necr           5%         2d6       98%         3
 Ice Form                 Ice/Tmut       16%        N/A       98%         4
 Metabolic Englaciation   Hex/Ice        12%        N/A       98%         5
 Silence                  Hex/Air        12%        N/A       98%         5
 Animate Dead             Necr           2%         N/A       100%        4
 Hailstorm                Conj/Ice       5%         3d4       100%        4
 Olgreb's Toxic Radiance  Pois           5%         N/A       100%        4
 Sticky Flame             Conj/Fire      5%         2d3       100%        4
 Summon Lightning Spire   Summ/Air       5%         N/A       100%        4
 Agony                    Necr           5%         N/A       100%        5
 Alistair's Intoxication  Tmut/Pois      10%        N/A       100%        5
 Excruciating Wounds      Necr           2%         N/A       100%        5
 Fireball                 Conj/Fire      2%         3d4       100%        5
 Freezing Cloud           Conj/Ice/Air   2%         6-21      100%        5
 Iskenderun's Battlesphe  Conj           5%         2d6       100%        5
 Conjure Ball Lightning   Conj/Air       2%         3x3d6     100%        6
 Death Channel            Necr           2%         N/A       100%        6
 Iron Shot                Conj/Erth      10%        9d3       100%        6
 Starburst                Conj/Fire      2%         6d3       100%        6
 Statue Form              Tmut/Erth      21%        N/A       100%        6
 Enfeeble                 Hex            22%        N/A       100%        7
 Haunt                    Necr/Summ      2%         N/A       100%        7
 Malign Gateway           Summ/Tloc      13%        N/A       100%        7
 Orb of Destruction       Conj           2%         9d5       100%        7
 Ozocubu's Refrigeration  Ice            2%         4d5       100%        7
 Spellforged Servitor     Conj/Summ      2%         N/A       100%        7
 Storm Form               Tmut/Air       8%         N/A       100%        7
 Discord                  Hex            22%        N/A       100%        8
 Ignition                 Fire           2%         3d3       100%        8
 Infestation              Necr           2%         N/A       100%        8
 Lehudib's Crystal Spear  Conj/Erth      10%        10d4      100%        8
 Maxwell's Capacitive Co  Air            2%         ∞         100%        8
 Summon Horrible Things   Summ           2%         N/A       100%        8
 Death's Door             Necr           2%         N/A       100%        9
 Blink                    Tloc           Unusable   N/A       N/A         2

Dungeon Overview and Level Annotations

Branches:
Dungeon (15/15)            Temple (1/1) D:5            Lair (6/6) D:11
 Shoals (4/4) Lair:4       Spider (4/4) Lair:3        Slime (5/5) Lair:6
    Orc (2/2) D:11            Elf (3/3) Orc:2        Vaults (5/5) D:14
  Crypt (3/3) Vaults:3       Tomb (0/3) Crypt:3      Depths (4/4) D:15
   Hell (visited)             Zot (5/5) Depths:4      Sewer (visited)
 Bailey (visited)         Desolation (visited)      Gauntlet (visited)
    Dis: Hell:1         Geh: Hell:1         Coc: Hell:1         Tar: Hell:1

Altars:
Ashenzari
Cheibriados
Dithmenos
Elyvilon
Fedhas
Gozag
Hepliaklqana
Kikubaaqudgha
Nemelex Xobeh
Okawaru
Qazlal
Ru
Sif Muna
Trog
Uskayaw
Vehumet
Wu Jian
Xom
Yredelemnul
Zin
The Shining One
Beogh
Jiyva

Shops:
D:2 *   D:7 [   Orc:1 !   Orc:2 :!*?**   Elf:3 **(=   Vaults:2 :   Depths:1 =:=

Portals:
Hell: Depths:1 Depths:2 Depths:3 Depths:4
Abyss: Depths:1 Depths:2 Depths:3 Depths:4
Pandemonium: Depths:2
Ziggurat: Depths:3

Annotations:
Crypt:2 2 transporters, Waammiq's ghost, veteran GrEE
Hell exclusion: ice statue, Geryon
Pan Cerebov


Innate Abilities, Weirdness & Mutations

You cannot be hasted, slowed, berserked, paralysed or teleported.
You can dig through walls and to a lower floor.
You have a pair of large antennae on your head. (SInv)
Your four strong arms can wield two-handed weapons with a shield.


Message History

You hit Cerebov.
Cerebov convulses.
You are engulfed in blazing flames.
You resist. You block Cerebov's attack. You block the balrug's attack.
Cerebov hits you with the +6 sword of Cerebov {flame}!
Cerebov burns you.
Unknown command.
You carve Cerebov like a ham!!!
Cerebov convulses.
Cerebov is heavily wounded.
Cerebov hits you but does no damage. The balrug gestures at you.
The bolt of fire hits you! You resist.
* * * LOW HITPOINT WARNING * * *
Unknown command.
You cut Cerebov into ribbons!!!
Cerebov convulses!!
Cerebov is severely wounded.
You hear a shout!
You block Cerebov's attack. You block the balrug's attack.
Unknown command.
You closely miss Cerebov.
Cerebov is severely wounded.
You block Cerebov's attack.
The crimson imp blinks!
You block the balrug's attack.
Unknown command.
You slash Cerebov!
Cerebov convulses!
Cerebov is severely wounded.
Cerebov hits you with the +6 sword of Cerebov {flame}!!!
* * * LOW HITPOINT WARNING * * *
Cerebov burns you!
* * * LOW HITPOINT WARNING * * *
You block the balrug's attack. You block Cerebov's attack.
You slice Cerebov like a ripe choko!!!
Cerebov convulses.
Cerebov is severely wounded.
You block Cerebov's attack. The balrug barely misses you.
You feel much better. Cerebov gestures at you. The iron shot hits you!!!!
Zin protects you from harm! You block the balrug's attack.
Cerebov gestures at you. The iron shot hits you!!!!
You die...

,,**,,,,*#......*,,,☼,..,,,****,,
,,******##.[....##***...,***≈≈*,,
###*,,,..........# *....,,≈≈≈≈**,
..#..,,..........###....≈≈,,,,,**
...).,,...........'....≈≈≈*,,,*,*
.....,,,........§.'○...≈≈≈*,,,*{,
..##.,,,*#.......2°{..§≈≈≈*,,,*,*
..#*,,,.##.....&)#**,,,,≈≈,,,,,**
.....,,...v.....@# *,,,,,,≈≈≈≈**,
..##.,,.........##***{,,{***≈≈*,{
..#*,,,.##......#{,,+,{,,,,****,,
..#*,,,,*#......#,,,****,,,,,,,,,
...*,,,.,#......#,,,####**,,,,{,*
...*,,,..#......#####..###****+*#
,,,*,,,..'.....))))......####,,,#
*******####.......).........#,,,#
#....../..........#,,,#


You could see Cerebov (fast), a balrug and a fire vortex.

Vanquished Creatures
  the Royal Jelly (Slime:5)
  Gloorx Vloq (Pan)
  6 dread liches (Zot:5)
  4 ancient liches (Zot:5)
  5 pandemonium lords (Pan)
  4 orbs of fire (Zot:5)
  3 juggernauts
  Sojobo (Depths:3)
  Margery (Depths:3)
  3 Killer Klowns (Zot:5)
  Saint Roka (Crypt:3)
  4 curse toes
  9 golden dragons
  2 profane servitors (Crypt:3)
  A bone dragon (Depths:4)
  2 Brimstone Fiends (Pan)
  A hellephant (Abyss:3)
  17 tentacled monstrosities
  3 electric golems
  2 Ice Fiends (Pan)
  A Hell Sentinel (Pan)
  Jorgrun (Shoals:1)
  5 liches
  25 Orb Guardians (Zot:5)
  Mlioglotl (Shoals:3)
  16 titans
  3 deep elf master archers
  Asterion (Elf:1)
  The ghost of Lyfunof the Scorcher, an adept DrFE of Okawaru (Shoals:2)
  10 deep elf blademasters
  7 death cobs
  11 acid blobs
  6 quicksilver dragons
  Polyphemus (Shoals:2)
  A walking frostbound tome (Depths:3)
  Frances (D:14)
  10 ancient champions
  6 sphinxes
  2 tentacled starspawn (Abyss:4)
  18 Executioners
  Agnes (Elf:1)
  11 storm dragons
  7 draconian monks
  11 tengu reavers
  4 revenants
  7 azure jellies
  Ilsuiw (Shoals:2)
  10 shadow dragons
  2 daevas (Depths:3)
  Roxanne (Shoals:4)
  9 demonspawn warmongers (Pan)
  14 fire giants
  7 rockslimes
  7 draconian knights
  4 iron dragons (Vaults:5)
  Donald (Shoals:4)
  Louise (Spider:1)
  5 emperor scorpions
  28 frost giants
  The ghost of isthmus the Brawler, a journeyman TrCA of Ignis (D:14)
  2 imperial myrmidons (Desolation)
  8 ghost moths
  5 spectral caustic shrikes (Depths:4)
  10 deep elf sorcerers
  20 vault wardens
  4 draconian stormcallers
  5 curse skulls
  An orc warlord (Vaults:2)
  6 draconian scorchers
  6 spriggan defenders
  An angel (Depths:3)
  8 draconian shifters
  5 reapers
  3 broodmothers
  9 ghouls
  15 balrugs
  6 cacodemons (Pan)
  7 demonspawn corrupters (Pan)
  13 quicksilver oozes
  4 draconian annihilators
  4 deep elf elementalists
  A caustic shrike skeleton (Crypt:3)
  21 ironbound preservers
  23 stone giants
  7 demonspawn blood saints (Pan)
  Nessos (D:13)
  19 starcursed masses (Abyss:4)
  38 very ugly things
  12 vampire knights
  3 deep elf demonologists
  10 green draconians
  8 black draconians
  11 purple draconians
  7 demonspawn black suns (Pan)
  6 entropy weavers
  4 ironbound thunderhulks
  9 lorocyprocas (Pan)
  2 minotaurs
  7 deep elf annihilators
  12 yellow draconians
  9 spark wasps
  The ghost of Sanktem7 the Severer, a journeyman MiFi of Ru (D:12)
  10 red draconians
  14 dire elephants
  14 white draconians
  An eleionoma (shapeshifter) (Vaults:5)
  5 eidola
  13 blizzard demons (Pan)
  2 crystal guardians
  4 green deaths (Pan)
  2 mummy priests (Crypt:3)
  Josephine (Arena)
  14 ettins
  4 deep elf death magi
  19 yaktaur captains
  7 jiangshi
  7 great orbs of eyes
  11 ragged hierophants (Desolation)
  Snorg (Lair:3)
  11 merfolk impalers
  6 merfolk javelineers
  7 deep elf high priests
  6 fire dragons
  A fenstrider witch zombie (Crypt:3)
  12 servants of whispers
  12 rakshasas
  A quicksilver dragon skeleton (Crypt:3)
  37 vault guards
  2 spriggan zombies (Crypt:1)
  5 ogre magi
  6 hydras
  A caustic shrike simulacrum (Hell)
  8 ice dragons
  13 peacekeepers
  Harold (Orc:1)
  5 spriggan air magi
  9 boulder beetles
  2 catoblepae
  A juggernaut simulacrum (Pan)
  A hell beast (Pan)
  3 ironbound frosthearts
  3 radroaches
  5 jorogumos
  5 death knights
  5 merfolk aquamancers
  3 alligator snapping turtles
  13 centaur warriors
  40 dancing weapons
  17 death yaks
  21 two-headed ogres
  2 vampire magi
  2 satyrs
  6 deep troll earth magi
  6 spriggan berserkers
  8 tengu warriors
  A two-headed ogre (shapeshifter) (Elf:3)
  3 orc high priests (Orc:2)
  2 deep troll shamans
  37 soul eaters
  3 thrashing horrors
  14 hell knights
  5 sun moths
  A fire crab (Lair:6)
  A titan skeleton (Crypt:1)
  2 wretched stars
  2 spatial maelstroms
  5 spriggans
  25 deep elf knights
  7 sixfirhies (Pan)
  49 sun demons
  2 golden dragon zombies
  11 iron trolls
  4 flayed ghosts
  36 skeletal warriors
  7 shadow wraiths
  5 pharaoh ants
  2 glowing orange brains (shapeshifter)
  7 steelbarb worms
  28 large abominations
  A sea snake (shapeshifter) (Depths:2)
  3 shadow demons (Pan)
  5 glowing orange brains
  10 sea snakes
  3 bog bodies (Crypt:2)
  20 deep elf archers
  8 orb spiders
  An orange crystal statue (Depths:4)
  A swamp dragon (Arena)
  An obsidian statue (Zot:5)
  56 deep trolls
  A kraken simulacrum (Shoals:4)
  5 phantasmal warriors
  A harpy (shapeshifter) (Vaults:5)
  8 orc knights
  10 lindwurms
  35 deep elf pyromancers
  7 wizards
  17 ironbound convokers
  2 shadow dragon skeletons
  23 wolf spiders
  46 ugly things
  An anaconda skeleton (Hell)
  11 harpies
  12 necromancers
  A glowing shapeshifter (D:12)
  34 deep elf zephyrmancers
  A mana viper (shapeshifter) (Vaults:5)
  A shining eye (shapeshifter) (Depths:4)
  An iron dragon zombie (Crypt:3)
  9 manticores
  A draconian zombie (Crypt:3)
  An eleionoma zombie (Crypt:2)
  4 fauns
  3 worldbinders
  6 cyclopes
  28 moths of wrath
  6 centaur zombies
  An oklob plant (Gauntlet)
  5 orc sorcerers
  A stone giant zombie (Crypt:3)
  4 shining eyes
  A naga zombie (Crypt:1)
  A fire giant skeleton (Depths:2)
  4 elephants
  5 guardian serpents
  An iron dragon skeleton (Crypt:1)
  A stone giant skeleton (Crypt:3)
  3 eyes of devastation
  A water nymph (shapeshifter) (Gauntlet)
  2 rust devils
  5 ice statues (Pan)
  7 water nymphs
  11 black mambas
  An apocalypse crab (Abyss:4)
  11 vault sentinels
  3 molten gargoyles (Desolation)
  6 torpor snails
  15 orange demons (Pan)
  22 smoke demons
  Maurice (Orc:1)
  A cane toad (shapeshifter) (D:13)
  5 gargoyles
  8 unseen horrors
  6 hellions (Pan)
  17 cane toads
  A komodo dragon (shapeshifter) (D:15)
  2 rime drakes
  Psyche (D:9)
  A green draconian zombie (Crypt:1)
  12 demonic crawlers
  A minotaur zombie (Gauntlet)
  8 efreet
  3 tengu conjurers
  A rime drake (shapeshifter) (Gauntlet)
  3 kobold demonologists
  10 hellwings (Pan)
  6 komodo dragons
  5 freezing wraiths
  28 yaktaurs
  11 tormentors (Pan)
  11 ancient zymes
  4 ice devils (Pan)
  6 spriggan skeletons
  5 red devils (Pan)
  6 guardian mummies (Crypt:3)
  2 queen bees (shapeshifter)
  A minotaur skeleton (Pan)
  7 trolls
  A tyrant leech (Abyss:1)
  18 meliai
  33 merfolk
  2 harpy zombies
  21 hornets
  An iron troll skeleton (Crypt:1)
  2 hydra skeletons
  A hornet (shapeshifter) (D:12)
  A hydra zombie (Crypt:3)
  9 wind drakes
  30 tarantellas
  15 blink frogs
  A slime creature (shapeshifter) (Gauntlet)
  86 slime creatures
  A blink frog (shapeshifter) (Depths:3)
  A radroach zombie (Crypt:2)
  13 raiju
  7 snapping turtles
  69 saltlings (Desolation)
  2 harpy skeletons
  2 meliai zombies
  31 jumping spiders
  An ice dragon skeleton (Crypt:1)
  13 ynoxinuls
  A centaur simulacrum (D:10)
  A black mamba zombie (Crypt:3)
  2 ushabtiu (Crypt:3)
  5 shadows
  10 flying skulls
  24 yaks
  10 water elementals
  An alligator skeleton (Crypt:2)
  24 culicivoras
  2 air elementals
  14 wraiths
  14 wyverns
  Eustachio (D:6)
  Grum (Bailey)
  9 vampire mosquitoes
  15 golden eyes
  3 basilisks
  13 chaos spawn
  71 redbacks
  21 neqoxecs
  3 steam dragons
  4 fire elementals
  6 spatial vortices
  5 wargs
  A harpy simulacrum (Crypt:1)
  A glowing shapeshifter zombie (Crypt:1)
  18 water moccasins
  2 acid dragons
  A hell hound (Hell)
  15 small abominations
  2 floating eyes (Depths:2)
  3 naga skeletons
  4 swamp drakes (Lair:6)
  30 orc warriors
  A demonspawn skeleton (Pan)
  An ice dragon simulacrum (Crypt:3)
  A black bear (D:11)
  An ice beast (D:8)
  10 ogres
  6 boggarts
  2 necrophages
  30 wolves
  14 centaurs
  4 phantoms
  14 bullfrogs
  15 kobold brigands
  A fire crab zombie (Crypt:3)
  5 earth elementals
  6 gnoll sergeants (Bailey)
  A scorpion (D:6)
  A glowing shapeshifter simulacrum (Depths:2)
  A water moccasin zombie (Crypt:1)
  A hornet simulacrum (D:15)
  A raiju zombie (Crypt:3)
  An elephant simulacrum (Orc:1)
  A warg skeleton (Crypt:1)
  A yak skeleton (Crypt:1)
  19 killer bees
  4 wights
  8 howler monkeys
  An electric eel (Spider:4)
  2 crimson imps (Pan)
  3 quasits (Abyss:3)
  4 centaur skeletons
  12 gnoll shamans
  5 hounds
  Crazy Yiuf (D:5)
  16 orc priests
  4 jellies
  3 iron imps (Gauntlet)
  3 iguanas (Lair:6)
  37 orc wizards
  A black bear skeleton (Crypt:2)
  13 merfolk sirens
  7 merfolk avatars
  2 polar bear simulacra (Orc:1)
  A troll simulacrum (Orc:1)
  An acid dragon zombie (Crypt:2)
  3 wolf simulacra (Orc:1)
  A tengu skeleton (Crypt:2)
  A hound skeleton (Crypt:1)
  A howler monkey zombie (D:6)
  36 gnolls
  5 river rats
  5 adders
  A naga simulacrum (Orc:1)
  2 shadow imps
  A white imp (D:5)
  A worm zombie (Crypt:3)
  2 adder skeletons (D:4)
  3 dart slugs
  75 orcs
  3 bats (D:1)
  7 endoplasms
  4 giant cockroaches
  13 goblins
  9 hobgoblins
  5 quokkas
  14 ball pythons
  7 frilled lizards
  13 kobolds
  24 rats
  A spectral orc (D:5)
  6 fire vortices (Pan)
  A lurking horror (Abyss:4)
  2 pillars of salt (Pan)
  3 starspawn tentacles (Abyss:4)
3238 creatures vanquished.

Vanquished Creatures (others)
  An ancient lich (Vaults:5)
  A draconian knight (Zot:4)
  A frost giant (Crypt:3)
  A black draconian (Zot:4)
  2 rakshasas (Depths:3)
  A juggernaut simulacrum (Pan)
  2 deep elf knights
  A soul eater (Crypt:3)
  2 deep elf pyromancers
  A deep elf zephyrmancer (Elf:2)
  A manticore (Shoals:4)
  A water elemental (Elf:2)
  A basilisk (Lair:6)
  A boggart (Vaults:2)
  A jelly (Abyss:3)
  An orc (D:7)
  3 ball lightnings (Pan)
  13 demonic plants
  37 fungi
  3 pillars of salt
  104 plants
  7 starspawn tentacles
  8 tentacles (Shoals:4)
  6 withered plants (Desolation)
200 creatures vanquished.

Grand Total: 3438 creatures vanquished

Notes
Turn   | Place    | Note
-------+----------+-------------------------------------------
     0 | D:1      | hikkokomori the Formicid Fighter began the quest for the
                  | Orb.
     0 | D:1      | Reached XP level 1. HP: 18/18 MP: 1/1
   219 | D:1      | Reached XP level 2. HP: 20/24 MP: 2/2
   493 | D:1      | Found a faded altar of an unknown god.
   505 | D:1      | Reached XP level 3. HP: 27/29 MP: 3/3
   884 | D:2      | Found Gysippaz's Assorted Antiques.
  1491 | D:3      | Reached XP level 4. HP: 37/37 MP: 4/4
  1492 | D:3      | Reached skill level 4 in Fighting
  1836 | D:3      | Reached XP level 5. HP: 40/42 MP: 5/5
  2207 | D:3      | Found a bloodstained altar of Trog.
  2287 | D:3      | Found a broken altar of Ashenzari.
  2411 | D:4      | Identified the +2 hunting sling of Weummiwa {speed, Fragile
                  | rElec rPois rN++}
  2421 | D:4      | Noticed a phantom
  2433 | D:4      | Killed a phantom
  2434 | D:4      | Reached XP level 6. HP: 47/49 MP: 6/6
  2708 | D:4      | Noticed a necrophage
  2716 | D:4      | Killed a necrophage
  2717 | D:4      | Reached skill level 5 in Armour
  2741 | D:4      | Reached skill level 5 in Fighting
  2837 | D:4      | Reached XP level 7. HP: 42/56 MP: 7/7
  3588 | D:5      | Entered Level 5 of the Dungeon
  3660 | D:5      | Found a blossoming altar of Fedhas.
  3987 | D:5      | Found a basalt altar of Yredelemnul.
  4084 | D:5      | Found a glowing drain.
  4111 | Sewer    | Entered a sewer
  4874 | D:5      | Reached skill level 5 in Axes
  4879 | D:5      | Reached skill level 6 in Fighting
  4879 | D:5      | Reached XP level 8. HP: 61/64 MP: 8/8
  4904 | D:5      | Found a staircase to the Ecumenical Temple.
  5263 | Temple   | Entered the Ecumenical Temple
  5461 | Temple   | Became a worshipper of Warmaster Okawaru
  5753 | D:5      | Found a runed translucent door.
  5754 | D:5      | Noticed Crazy Yiuf
  5810 | D:5      | Killed Crazy Yiuf
  5930 | D:5      | Found an ancient bone altar of Kikubaaqudgha.
  5932 | D:5      | Found a radiant altar of Vehumet.
  5934 | D:5      | Found a shimmering blue altar of Sif Muna.
  6009 | D:5      | Identified the +5 ring mail "Entop" {Dex+4}
  6465 | D:6      | Reached skill level 7 in Fighting
  6523 | D:6      | Noticed Eustachio
  6535 | D:6      | Killed Eustachio
  6536 | D:6      | Reached XP level 9. HP: 71/72 MP: 9/9
  6700 | D:6      | Found an ornate altar of the Wu Jian Council.
  6897 | D:7      | Found Zin's Purification Station.
  6897 | D:7      | Found a glowing silver altar of Zin.
  6906 | D:7      | Bought a potion of curing for 90 gold pieces
  6948 | D:7      | Found Cugaekk's Antique Armour Shop.
  7055 | D:7      | Reached * piety under Okawaru
  7055 | D:7      | HP: 3/73 [something (4)]
  7062 | D:7      | Reached skill level 8 in Fighting
  7811 | D:7      | Found a shadowy altar of Dithmenos.
  8428 | D:8      | Noticed a hornet
  8439 | D:8      | Killed a hornet
  8439 | D:8      | Reached ** piety under Okawaru
  8492 | D:7      | Bought a pair of transparent boots for 304 gold pieces
  8492 | D:7      | Identified the +2 pair of boots of Leadojeh {rF+ Will+
                  | Str+7 Int+4} (You bought it in a shop on level 7 of the
                  | Dungeon)
  8633 | D:8      | Reached XP level 10. HP: 82/82 MP: 10/10
  8798 | D:8      | Reached skill level 9 in Fighting
  9237 | D:9      | Noticed Psyche
  9240 | D:9      | Reached skill level 1 in Invocations
  9240 | D:9      | Reached skill level 1 in Evocations
  9341 | D:9      | Killed Psyche
  9341 | D:9      | Reached *** piety under Okawaru
  9426 | D:9      | Noticed a two-headed ogre
  9442 | D:9      | Killed a two-headed ogre
  9862 | D:9      | Reached **** piety under Okawaru
  9862 | D:9      | Received a gift from Okawaru
  9863 | D:9      | Reached skill level 10 in Fighting
  9863 | D:9      | Reached skill level 10 in Armour
  9863 | D:9      | Reached XP level 11. HP: 49/90 MP: 13/13
 10152 | D:9      | Identified the +3 hand axe "Isyutaer" {speed, *Rage rElec
                  | rPois Int+4}
 10531 | D:9      | Reached ***** piety under Okawaru
 10665 | D:9      | Reached skill level 5 in Invocations
 10994 | D:9      | Noticed a two-headed ogre
 11008 | D:9      | Killed a two-headed ogre
 11008 | D:9      | Identified the +8 battleaxe of the Wraith {vamp, rF++
                  | Int+2} (Okawaru gifted it to you on level 9 of the Dungeon)
 11008 | D:9      | Received a gift from Okawaru
 11368 | D:9      | Found a sparkling altar of Nemelex Xobeh.
 11626 | D:10     | Entered Level 10 of the Dungeon
 11626 | D:10     | Noticed a two-headed ogre
 11633 | D:9      | Killed a two-headed ogre
 11634 | D:9      | Reached skill level 5 in Evocations
 11683 | D:10     | Found a flagged portal.
 11698 | Bailey   | Entered a bailey
 11814 | Bailey   | Noticed Grum
 11820 | Bailey   | Killed Grum
 11882 | Bailey   | Reached skill level 10 in Axes
 11897 | Bailey   | Reached XP level 12. HP: 76/99 MP: 16/16
 12195 | Bailey   | Learned a level 3 spell: Portal Projectile
 12270 | D:10     | Noticed a centaur warrior
 12280 | D:10     | Killed a centaur warrior
 12281 | D:10     | Reached skill level 11 in Fighting
 12306 | D:10     | Identified the +9 demon trident "Qirgh" {vamp, Str+4}
                  | (Okawaru gifted it to you on level 10 of the Dungeon)
 12306 | D:10     | Received a gift from Okawaru
 12615 | D:10     | Found a white marble altar of Elyvilon.
 13129 | D:11     | Found a staircase to the Lair.
 13314 | D:11     | Noticed a two-headed ogre
 13318 | D:11     | Noticed a two-headed ogre
 13319 | D:11     | Killed a two-headed ogre
 13325 | D:11     | Killed a two-headed ogre
 13512 | D:11     | Noticed a two-headed ogre
 13519 | D:11     | Killed a two-headed ogre
 13577 | D:11     | Noticed a five-headed hydra
 13586 | D:11     | Killed a seven-headed hydra
 13598 | D:11     | Noticed a centaur warrior
 13598 | D:11     | Noticed a catoblepas
 13605 | D:11     | Killed a catoblepas
 13613 | D:11     | Killed a centaur warrior
 13793 | D:11     | Found a staircase to the Orcish Mines.
 13835 | D:11     | Noticed a boulder beetle
 13846 | D:11     | Killed a boulder beetle
 13847 | D:11     | Reached XP level 13. HP: 107/107 MP: 18/18
 13926 | D:11     | Identified the +1 chain mail of the Boiling Point {rC+
                  | Regen+ Dex+5} (Okawaru gifted it to you on level 11 of the
                  | Dungeon)
 13926 | D:11     | Received a gift from Okawaru
 14087 | D:11     | Noticed a boulder beetle
 14102 | D:11     | Killed a boulder beetle
 14345 | D:11     | Reached skill level 12 in Fighting
 14987 | Orc:1    | Entered Level 1 of the Orcish Mines
 14989 | Orc:1    | Noticed Maurice
 15232 | Lair:1   | Entered Level 1 of the Lair of Beasts
 16209 | Lair:2   | Found a gate leading to a gauntlet.
 16226 | Gauntlet | Entered a Gauntlet
 16226 | Gauntlet | Found a transporter.
 16237 | Gauntlet | Found a transporter.
 16255 | Gauntlet | Found a transporter.
 16263 | Gauntlet | Found a transporter.
 16268 | Gauntlet | Noticed a green death
 16281 | Gauntlet | Found a transporter.
 16301 | Gauntlet | Found a transporter.
 16309 | Gauntlet | Noticed a quicksilver ooze
 16313 | Gauntlet | Found a transporter.
 16313 | Gauntlet | Noticed a catoblepas
 16325 | Gauntlet | Found a transporter.
 16337 | Gauntlet | Found a transporter.
 16345 | Gauntlet | Found a large runed translucent door.
 16346 | Gauntlet | Found a large runed translucent door.
 16347 | Gauntlet | Found a large runed translucent door.
 16347 | Gauntlet | Found a large runed translucent door.
 16348 | Gauntlet | Found a runed translucent gate.
 16349 | Gauntlet | Found a transporter.
 16349 | Gauntlet | Found a runed translucent gate.
 16350 | Gauntlet | Found a runed translucent gate.
 16351 | Gauntlet | Found a large runed translucent door.
 16351 | Gauntlet | Found a large runed translucent door.
 16352 | Gauntlet | Found a large runed translucent door.
 16353 | Gauntlet | Found a large runed translucent door.
 16363 | Gauntlet | Found a large runed translucent door.
 16363 | Gauntlet | Found a large runed translucent door.
 16363 | Gauntlet | Found a runed translucent door.
 16363 | Gauntlet | Found a runed translucent door.
 16364 | Gauntlet | Found a large runed translucent door.
 16365 | Gauntlet | Found a large runed translucent door.
 16367 | Gauntlet | Found a transporter.
 16375 | Gauntlet | Found a large runed translucent door.
 16375 | Gauntlet | Found a large runed translucent door.
 16376 | Gauntlet | Found a large runed translucent door.
 16377 | Gauntlet | Found a large runed translucent door.
 16385 | Gauntlet | Found a transporter.
 16387 | Gauntlet | Found a transporter.
 16417 | Gauntlet | Found a transporter.
 16420 | Gauntlet | Found a transporter.
 16507 | Gauntlet | Found a transporter.
 16509 | Gauntlet | Found a transporter.
 16579 | Gauntlet | Identified the ring "Paostruv" {Fire Dex+3}
 16681 | Gauntlet | Identified the +4 morningstar of Calamity {venom, +Blink
                  | rPois Str-5 Stlth+}
 16681 | Gauntlet | Noticed a minotaur
 16689 | Gauntlet | Killed a minotaur
 16689 | Gauntlet | Identified the +2 pair of gloves of Negligence {Rampage rC+
                  | Int+8 Dex-3} (Okawaru gifted it to you in a Gauntlet)
 16689 | Gauntlet | Received a gift from Okawaru
 17359 | Lair:2   | Noticed a five-headed hydra
 17363 | Lair:2   | Killed a six-headed hydra
 17364 | Lair:2   | Reached XP level 14. HP: 116/116 MP: 21/21
 18016 | Lair:3   | Noticed Snorg
 18031 | Lair:3   | HP: 2/116 [Snorg (6)]
 18032 | Lair:3   | Killed Snorg
 18510 | Lair:3   | Found a snail-covered altar of Cheibriados.
 18791 | Lair:3   | Found a hole to the Spider Nest.
 19281 | Lair:4   | Identified the +8 whip of Mandamus {spect, *Corrode +Blink
                  | rElec Dex+2}
 19505 | Lair:4   | Found a staircase to the Shoals.
 19565 | Lair:4   | Reached skill level 10 in Invocations
 19567 | Lair:4   | Reached skill level 13 in Fighting
 20174 | Lair:5   | Found a runed translucent door.
 20345 | Lair:5   | Reached ****** piety under Okawaru
 20388 | Lair:5   | Identified the +0 pair of boots of the Griffon {rElec}
                  | (Okawaru gifted it to you on level 5 of the Lair of Beasts)
 20388 | Lair:5   | Received a gift from Okawaru
 21227 | Lair:5   | Noticed a minotaur
 21235 | Lair:5   | Killed a minotaur
 21236 | Lair:5   | Reached XP level 15. HP: 119/123 MP: 14/23
 21393 | Lair:6   | Entered Level 6 of the Lair of Beasts
 21708 | Lair:6   | Reached skill level 10 in Evocations
 21899 | Arena    | Entered the Arena
 22243 | Lair:6   | Found a staircase to the Slime Pits.
 22699 | Lair:6   | Reached skill level 15 in Axes
 23314 | D:2      | Bought a potion of curing for 84 gold pieces
 23314 | D:2      | Bought a tower shield for 126 gold pieces
 23322 | D:2      | Learned a level 5 spell: Borgnjor's Vile Clutch
 23478 | Orc:1    | Killed Maurice
 23488 | Orc:1    | Noticed Josephine
 23499 | Arena    | Entered the Arena
 23504 | Arena    | Killed Josephine
 23531 | Orc:1    | Reached skill level 14 in Fighting
 23624 | Orc:1    | Noticed Harold
 23631 | Orc:1    | Killed Harold
 23792 | Orc:1    | Found Lehacs's Distillery.
 23801 | Orc:1    | Bought a potion of heal wounds for 75 gold pieces
 23801 | Orc:1    | Bought a potion of resistance for 150 gold pieces
 23801 | Orc:1    | Bought a potion of resistance for 150 gold pieces
 23801 | Orc:1    | Bought a potion of heal wounds for 75 gold pieces
 23801 | Orc:1    | Bought a potion of curing for 45 gold pieces
 23801 | Orc:1    | Bought a potion of heal wounds for 75 gold pieces
 23801 | Orc:1    | Bought a potion of curing for 45 gold pieces
 24129 | Orc:2    | Entered Level 2 of the Orcish Mines
 24155 | Orc:2    | Found Tyiph's Distillery.
 24296 | Orc:2    | Found a staircase to the Elven Halls.
 24493 | Orc:2    | Found Yhoefir's Self-Improvement Boutique.
 24656 | Orc:2    | Received a gift from Okawaru
 24730 | Orc:2    | Found Ilukeyst's General Store.
 24730 | Orc:2    | Found Bagel's Assorted Antiques.
 24737 | Orc:2    | Reached skill level 5 in Shields
 24746 | Orc:2    | Reached XP level 16. HP: 127/133 MP: 17/24
 24749 | Orc:2    | Found Nuylesiq's General Store.
 24749 | Orc:2    | Found Doxt's Magic Scroll Shoppe.
 24775 | Orc:2    | Bought a scroll of enchant armour for 105 gold pieces
 24775 | Orc:2    | Bought a scroll of fear for 49 gold pieces
 24775 | Orc:2    | Bought a potion of heal wounds for 70 gold pieces
 24940 | Elf:1    | Entered Level 1 of the Elven Halls
 24972 | Elf:1    | Found a radiant altar of Vehumet.
 25007 | Elf:1    | Identified the +0 pair of boots "Ahiomeck" {rC++ rN++ Will+
                  | Str-2} (Okawaru gifted it to you on level 1 of the Elven
                  | Halls)
 25007 | Elf:1    | Received a gift from Okawaru
 25330 | Elf:1    | Noticed Agnes
 25344 | Elf:1    | Killed Agnes
 25364 | Elf:1    | Found a flickering gateway to a bazaar.
 25380 | Bazaar   | Entered a bazaar
 25380 | Bazaar   | Found Rotuecw's Jewellery Emporium.
 25380 | Bazaar   | Found Qiamosh's Weapon Shoppe.
 25380 | Bazaar   | Found Fuffes's Assorted Antiques.
 25380 | Bazaar   | Found Deb Tato's Magic Scroll Emporium.
 25380 | Bazaar   | Found Niruosh's Assorted Antiques.
 25652 | Bazaar   | Bought a potion of might for 88 gold pieces
 25652 | Bazaar   | Bought a scroll of enchant armour for 165 gold pieces
 25652 | Bazaar   | Bought a potion of curing for 66 gold pieces
 25652 | Bazaar   | Bought a potion of heal wounds for 110 gold pieces
 25658 | Bazaar   | Bought a scroll of fear for 31 gold pieces
 25658 | Bazaar   | Bought a scroll of fog for 18 gold pieces
 25658 | Bazaar   | Bought a scroll of fog for 18 gold pieces
 25658 | Bazaar   | Bought a scroll of magic mapping for 31 gold pieces
 25882 | D:12     | Noticed Sanktem7's ghost (journeyman MiFi)
 25882 | D:12     | Found a runed translucent gate.
 25882 | D:12     | Found a runed translucent gate.
 25882 | D:12     | Found a runed translucent gate.
 25958 | D:12     | Identified the ring of Ashenzari's Delight {Fly rN+ Str+2}
 26889 | D:12     | Killed Sanktem7's ghost
 27264 | D:13     | Received a gift from Okawaru
 27762 | D:13     | Noticed Nessos
 27767 | D:13     | Killed Nessos
 27768 | D:13     | Reached skill level 15 in Fighting
 27803 | D:13     | Reached skill level 1 in Stealth
 28159 | D:14     | Found a runed translucent door.
 28162 | D:14     | Noticed isthmus's ghost (journeyman TrCA)
 28585 | D:14     | Reached XP level 17. HP: 135/142 MP: 26/26
 28603 | D:14     | Found a gate to the Vaults.
 28701 | D:14     | Noticed Frances
 28713 | D:14     | Killed Frances
 29011 | D:14     | Found a bloodstained altar of Trog.
 29062 | D:14     | Reached skill level 1 in Dodging
 29606 | D:14     | Killed isthmus's ghost
 29956 | D:15     | Entered Level 15 of the Dungeon
 30065 | D:15     | Reached skill level 5 in Stealth
 30163 | D:15     | Identified a scroll of acquirement
 30188 | D:15     | Acquired the +10 tower shield of Ignorance {rN+ Int-4}
 30188 | D:15     | Found the +10 tower shield of Ignorance {rN+ Int-4}
 30619 | D:15     | Found a staircase to the Depths.
 30639 | D:15     | Identified the +1 ring mail of Cylaagupn {+Blink Regen+
                  | Int+4 Stlth-} (Okawaru gifted it to you on level 15 of the
                  | Dungeon)
 30639 | D:15     | Received a gift from Okawaru
 31018 | Spider:1 | Entered Level 1 of the Spider Nest
 31232 | Spider:1 | Identified the +4 hunting sling of Ymekk {freeze, rElec
                  | rPois Dex+4 Stlth+}
 31415 | Spider:1 | Noticed Louise
 31426 | Spider:1 | Reached skill level 10 in Shields
 31428 | Spider:1 | Reached skill level 16 in Fighting
 31439 | Spider:1 | Killed Louise
 31440 | Spider:1 | HP: 6/144 [emperor scorpion (3)]
 31566 | Spider:1 | Identified the +0 buckler of Boerch {Harm Str+4 Dex+5}
 31905 | Spider:2 | Reached XP level 18. HP: 129/151 MP: 24/27
 31908 | Spider:2 | Identified the +7 battleaxe of War {vorpal, Will+ Int+3}
                  | (Okawaru gifted it to you on level 2 of the Spider Nest)
 31908 | Spider:2 | Received a gift from Okawaru
 32016 | Spider:2 | Reached skill level 5 in Dodging
 32558 | Spider:3 | Identified the -4 pair of boots "Lyhopn" {Str+2} (Okawaru
                  | gifted it to you on level 3 of the Spider Nest)
 32558 | Spider:3 | Received a gift from Okawaru
 32987 | Spider:3 | Found a runed translucent door.
 33093 | Spider:3 | Reached skill level 10 in Stealth
 33164 | Spider:4 | Entered Level 4 of the Spider Nest
 33174 | Spider:4 | Reached skill level 17 in Fighting
 33179 | Spider:3 | Reached skill level 1 in Hexes
 33854 | Spider:4 | Reached XP level 19. HP: 161/161 MP: 28/28
 33977 | Spider:4 | Received a gift from Okawaru
 34177 | Spider:4 | Identified the +8 plate armour of Bad Feelings {rCorr}
                  | (Okawaru gifted it to you on level 4 of the Spider Nest)
 34177 | Spider:4 | Received a gift from Okawaru
 34348 | Spider:4 | Reached skill level 5 in Hexes
 34348 | Spider:4 | Reached XP level 20. HP: 168/168 MP: 29/29
 34382 | Spider:4 | Got a gossamer rune of Zot
 34822 | Shoals:1 | Entered Level 1 of the Shoals
 35299 | Shoals:1 | Noticed Jorgrun
 35320 | Shoals:1 | Killed Jorgrun
 35927 | Shoals:2 | Noticed Polyphemus
 35962 | Shoals:2 | Killed Polyphemus
 36052 | Shoals:2 | Noticed Ilsuiw
 36087 | Shoals:2 | Killed Ilsuiw
 36277 | Shoals:2 | Found a runed translucent gate.
 36277 | Shoals:2 | Found a runed translucent gate.
 36277 | Shoals:2 | Found a runed translucent gate.
 36277 | Shoals:2 | Noticed Lyfunof's ghost (adept DrFE)
 36300 | Shoals:2 | Killed Lyfunof's ghost
 36480 | Shoals:3 | Noticed Mlioglotl
 36491 | Shoals:3 | Killed Mlioglotl
 36525 | Shoals:3 | Reached skill level 18 in Fighting
 36801 | Shoals:3 | Identified the +1 pair of gloves "Ikhluc" {+Inv rN+ Str+5
                  | Stlth-} (Okawaru gifted it to you on level 3 of the Shoals)
 36801 | Shoals:3 | Received a gift from Okawaru
 36833 | Shoals:3 | Reached skill level 15 in Armour
 37106 | Shoals:4 | Entered Level 4 of the Shoals
 37206 | Shoals:4 | Reached XP level 21. HP: 177/177 MP: 30/30
 37415 | Shoals:4 | Noticed Donald
 37426 | Shoals:4 | Killed Donald
 37500 | Shoals:4 | Got a barnacled rune of Zot
 37594 | Shoals:4 | Identified the +1 leather armour of Lethargy {rC- Int+5}
 37666 | Shoals:4 | Identified Roxanne's Papyrus of Earth
 37666 | Shoals:4 | Noticed Roxanne
 37678 | Shoals:4 | Killed Roxanne
 38769 | Elf:1    | Got the Disquisition on Attacks
 39130 | Elf:1    | Identified the +1 kite shield "Uxtilome" {rCorr}
 39130 | Elf:1    | Noticed Asterion
 39148 | Elf:1    | Killed Asterion
 39148 | Elf:1    | Identified the +0 pair of gloves of the Morning Star {rElec
                  | Regen+} (Okawaru gifted it to you on level 1 of the Elven
                  | Halls)
 39148 | Elf:1    | Received a gift from Okawaru
 39149 | Elf:1    | Reached skill level 10 in Hexes
 39590 | Elf:2    | Reached skill level 15 in Shields
 39644 | Elf:2    | Cast into level 2 of the Abyss (+5 halberd of distortion)
 39682 | Abyss:3  | Found a corrupted altar of Lugonu.
 39909 | Elf:2    | Escaped the Abyss
 40095 | Elf:2    | Found a runed translucent gate.
 40106 | Elf:2    | Found a runed translucent gate.
 40148 | Elf:2    | Found a runed translucent gate.
 40343 | Elf:2    | Reached skill level 19 in Fighting
 40557 | Elf:2    | Reached skill level 5 in Translocations
 40668 | Elf:3    | Entered Level 3 of the Elven Halls
 40678 | Elf:3    | Reached XP level 22. HP: 187/187 MP: 31/31
 40739 | Elf:3    | Found Gov Fuwk's Weapon Shoppe.
 40742 | Elf:3    | Found Dijar's Jewellery Shoppe.
 40742 | Elf:3    | Found Cieluopon's General Store.
 40745 | Elf:3    | Found Naxt's Assorted Antiques.
 40759 | Elf:3    | Bought a potion of mutation for 88 gold pieces
 40765 | Elf:3    | Bought a scroll of magic mapping for 77 gold pieces
 40765 | Elf:3    | Bought an embroidered scarf for 176 gold pieces
 40938 | Elf:3    | Reached skill level 5 in Spellcasting
 41096 | Elf:3    | Identified the +11 flail "Hararal" {vorpal, Will+ MP+9
                  | Dex+3}
 41096 | Elf:3    | Identified the ring "Ceagag" {rN+ Dex+6 Stlth+}
 41191 | Elf:3    | Received a gift from Okawaru
 41228 | Elf:3    | Identified the ring "Wiwumem" {rPois rN+ Int+2 SInv Stlth-}
 41236 | Arena    | Entered the Arena
 41276 | Elf:3    | Gained mutation: You sometimes lose the ability to read
                  | scrolls when taking damage. [a neqoxec]
 41355 | Elf:3    | Identified the +8 great mace of Ascent {drain, Drain rElec
                  | Str+6}
 41361 | Elf:3    | Identified the ring "Kuilof" {Wiz MP-9 Str+5 Stlth+}
 41409 | Elf:3    | Identified the +0 chain mail of Gomonk {rElec rF- rC+++
                  | rCorr}
 41440 | Elf:3    | Identified the +7 hunting sling of the Shore {vorpal, rN+
                  | Int+3}
 41819 | Elf:3    | Learned a level 2 spell: Passwall
 42251 | Vaults:1 | Entered Level 1 of the Vaults
 42265 | Vaults:1 | Reached skill level 1 in Earth Magic
 42273 | Vaults:1 | Received a gift from Okawaru
 42325 | Vaults:1 | Reached skill level 1 in Crossbows
 43198 | Vaults:1 | Received a gift from Okawaru
 43199 | Vaults:1 | Reached XP level 23. HP: 196/196 MP: 23/32
 43304 | Vaults:2 | Reached skill level 20 in Fighting
 43346 | Vaults:2 | Reached skill level 5 in Earth Magic
 43663 | Vaults:2 | Received a gift from Okawaru
 43667 | Vaults:2 | Reached skill level 5 in Crossbows
 43668 | Vaults:2 | Found Rizack's Book Shoppe.
 43690 | Vaults:2 | Bought a book of the Moon for 400 gold pieces
 44250 | Vaults:3 | Found a crumbling gateway.
 44274 | Desolati | Entered the Desolation of Salt
 44352 | Desolati | Got Sif Muna's Volume of the Floating Mountains
 44591 | Desolati | Identified the ring of Zeong {rF+ Will+ Str+6 Int+2 Dex-3}
 44596 | Desolati | Identified the amulet "Kyphax" {RegenMP Int+4}
 44724 | Desolati | Identified the +7 scimitar of the Dark Horse {elec, rCorr
                  | Str+4}
 44771 | Desolati | Identified the amulet "Kasoekh" {rF+ Regen+ Int+5 Dex+2}
 44775 | Desolati | Got Xigih's Grimoire of Sinister Fire
 44931 | Desolati | Received a gift from Okawaru
 45047 | Desolati | Reached XP level 24. HP: 125/206 MP: 23/32
 45050 | Arena    | Entered the Arena
 45268 | Desolati | Identified the ring of Luogekhlu {*Corrode rC+ rN++ Int+2
                  | SInv}
 45288 | Desolati | Identified the ring "Bion Rat" {*Corrode rN+ Str+3 Int+4
                  | Dex+3}
 45316 | Desolati | Found the +2 hood of the Assassin {Detection Stab+ Stlth++}
 45475 | Desolati | Reached skill level 21 in Fighting
 45628 | Desolati | Identified the amulet of Gukel Nudi {Spirit Harm}
 45641 | Desolati | Got Sif Muna's Catalogue of the Dislocated Frostbite
 45647 | Desolati | Identified the ring "Duff" {Fly Int+3 SInv}
 45679 | Desolati | Identified the amulet "Revvow" {Spirit rN++ rCorr Int+3}
 45999 | Vaults:3 | Reached skill level 1 in Transmutations
 46149 | Vaults:3 | Received a gift from Okawaru
 46762 | Vaults:3 | Found a staircase to the Crypt.
 47639 | Vaults:4 | Received a gift from Okawaru
 48722 | Depths:1 | Entered Level 1 of the Depths
 48733 | Depths:1 | Reached skill level 5 in Transmutations
 48755 | Depths:1 | Reached XP level 25. HP: 188/215 MP: 32/32
 48798 | Depths:1 | Found Orho's Book Boutique.
 48799 | Depths:1 | Found Ehawn's Jewellery Shoppe.
 48799 | Depths:1 | Found Qir Dusk's Jewellery Shoppe.
 48854 | Depths:1 | Found a flickering gateway to a bazaar.
 48859 | Bazaar   | Entered a bazaar
 48873 | Bazaar   | Found Bunoyses's Assorted Antiques.
 48898 | Bazaar   | Found Fugituin's Magic Scroll Shoppe.
 48898 | Bazaar   | Found Peaplebua's Weapon Emporium.
 48921 | Bazaar   | Found Totel's Weapon Shoppe.
 48921 | Bazaar   | Found Itos's Antique Weapon Emporium.
 48994 | Bazaar   | Bought a scroll of fear for 52 gold pieces
 49014 | Bazaar   | Bought a scroll of magic mapping for 31 gold pieces
 49014 | Bazaar   | Bought a scroll of fog for 18 gold pieces
 49014 | Bazaar   | Bought a scroll of enchant armour for 67 gold pieces
 49014 | Bazaar   | Bought a scroll of magic mapping for 31 gold pieces
 49081 | Depths:1 | Received a gift from Okawaru
 49326 | Depths:1 | Learned a level 4 spell: Passage of Golubria
 49827 | Depths:1 | Found a gateway to Hell.
 50168 | Depths:1 | Found a one-way gate to the infinite horrors of the Abyss.
 50205 | Depths:1 | You are sucked into a shaft and drop 1 floor!
 50296 | Depths:2 | Found a one-way gate leading to the halls of Pandemonium.
 50333 | Depths:2 | Reached skill level 10 in Crossbows
 50417 | Depths:2 | Reached skill level 10 in Dodging
 50477 | Depths:2 | Reached skill level 22 in Fighting
 50849 | Depths:2 | Identified the +0 pair of gloves "Ughoezu" {Harm Will+}
                  | (Okawaru gifted it to you on level 2 of the Depths)
 50849 | Depths:2 | Received a gift from Okawaru
 51436 | Depths:2 | Noticed a juggernaut
 51462 | Depths:2 | Killed a juggernaut
 51680 | Depths:2 | Found a glowing silver altar of Zin.
 52412 | Depths:3 | Noticed a juggernaut
 52418 | Depths:3 | Reached XP level 26. HP: 181/225 MP: 1/32
 52440 | Depths:3 | Killed a juggernaut
 52583 | Depths:3 | Got the Compendium of Evil Stones
 52585 | Depths:3 | Identified the +4 longbow "Kaamyh Gupp" {vorpal, Int+5}
 52589 | Depths:3 | Got the Almanac of Orientation and Flames
 52696 | Depths:3 | Found the +3 pair of seven-league boots {Rampage+∞}
 53040 | Depths:3 | Found a one-way gateway to a ziggurat.
 53044 | Depths:3 | Noticed Sojobo
 53071 | Depths:3 | Received a gift from Okawaru
 53084 | Depths:3 | Noticed Margery
 53483 | Depths:3 | Killed Margery
 53491 | Depths:3 | Killed Sojobo
 53953 | Depths:3 | Received a gift from Okawaru
 54125 | Depths:4 | Entered Level 4 of the Depths
 54171 | Depths:4 | Noticed a juggernaut
 54183 | Depths:4 | Killed a juggernaut
 54836 | Depths:4 | Reached skill level 10 in Translocations
 54931 | Depths:4 | Found a gate to the Realm of Zot.
 55505 | Hell     | Entered the Vestibule of Hell
 55505 | Hell     | Noticed Geryon
 55522 | Hell     | Reached skill level 23 in Fighting
 55688 | Depths:4 | Voluntarily entered the Abyss.
 55915 | Abyss:3  | Gained mutation: Your spells are a little easier to cast,
                  | but a little less powerful. [a neqoxec]
 56293 | Abyss:4  | Learned a level 1 spell: Apportation
 56444 | Abyss:4  | Gained mutation: You are weak. (Str -2) [a neqoxec]
 56445 | Abyss:4  | Gained mutation: You are dopey. (Int -2) [a neqoxec]
 56755 | Abyss:4  | Gained mutation: You do not regenerate when monsters are
                  | visible. [a neqoxec]
 56917 | Depths:4 | Escaped the Abyss
 57331 | Slime:1  | Entered Level 1 of the Pits of Slime
 57338 | Slime:1  | Received a gift from Okawaru
 57350 | Slime:1  | Gained mutation: Armour fits poorly on your strangely
                  | shaped body. [a shining eye]
 57408 | Slime:2  | Reached XP level 27. HP: 228/229 MP: 32/32
 57677 | Slime:5  | Entered Level 5 of the Pits of Slime
 57840 | Slime:5  | Noticed the Royal Jelly
 57844 | Slime:5  | Found a viscous altar of Jiyva.
 57858 | Slime:5  | Killed the Royal Jelly
 57954 | Slime:5  | Received a gift from Okawaru
 57995 | Slime:5  | Identified the ring of Deriof {Fly rN+ Will+ MP+9}
 58049 | Slime:5  | Got the Catalogue of the Butterfly
 58094 | Slime:5  | Got a slimy rune of Zot
 58108 | Slime:5  | Identified the +2 robe "Fopriuz" {+Inv Str-3 Slay-2 SInv
                  | Archmagi}
 58117 | Slime:5  | Acquired 771 gold pieces
 59143 | Depths:2 | Fell from the grace of Okawaru
 59143 | Depths:2 | Became a worshipper of Zin the Law-Giver
 59143 | Depths:2 | Reached * piety under Zin
 59143 | Depths:2 | Reached ** piety under Zin
 59144 | Depths:2 | Donated 2055 gold pieces to Zin
 59153 | Depths:2 | Reached *** piety under Zin
 59317 | Vaults:2 | Reached **** piety under Zin
 59353 | Crypt:1  | Entered Level 1 of the Crypt
 59433 | Crypt:1  | Reached ***** piety under Zin
 60582 | Crypt:1  | Reached ****** piety under Zin
 60676 | Crypt:1  | Lost mutation: You are dopey. (Int -2) [potion of mutation]
 60676 | Crypt:1  | Lost mutation: Armour fits poorly on your strangely shaped
                  | body. [potion of mutation]
 60677 | Crypt:1  | Lost mutation: You sometimes lose the ability to read
                  | scrolls when taking damage. [potion of mutation]
 60677 | Crypt:1  | Lost mutation: You do not regenerate when monsters are
                  | visible. [potion of mutation]
 60678 | Crypt:1  | Lost mutation: Your spells are a little easier to cast, but
                  | a little less powerful. [potion of mutation]
 60678 | Crypt:1  | Lost mutation: You are weak. (Str -2) [potion of mutation]
 61555 | Crypt:2  | Found a transporter.
 61556 | Crypt:2  | Found a transporter.
 61558 | Crypt:2  | Noticed Waammiq's ghost (veteran GrEE)
 62202 | Crypt:3  | Entered Level 3 of the Crypt
 62344 | Crypt:3  | Noticed Saint Roka
 62366 | Crypt:3  | Killed Saint Roka
 62519 | Crypt:3  | Found a staircase to the Tomb.
 63272 | Crypt:3  | Found an ancient bone altar of Kikubaaqudgha.
 63275 | Crypt:3  | Found a basalt altar of Yredelemnul.
 63333 | Crypt:3  | Got the Disquisition on Sinister Rites
 63335 | Crypt:3  | Identified the +7 dire flail "Irinough" {holy, rF+ rN+
                  | rCorr}
 63954 | Zot:1    | Entered Level 1 of the Realm of Zot
 65233 | Zot:2    | Reached skill level 24 in Fighting
 68110 | Temple   | Fell from the grace of Zin
 68110 | Temple   | Became a worshipper of the Shining One
 68110 | Temple   | Reached * piety under the Shining One
 68110 | Temple   | Reached ** piety under the Shining One
 68110 | Temple   | Reached *** piety under the Shining One
 69389 | Zot:4    | Reached **** piety under the Shining One
 69534 | Zot:4    | Reached skill level 15 in Invocations
 70059 | Zot:4    | Was forgiven by Okawaru
 70642 | Zot:5    | Entered Level 5 of the Realm of Zot
 70994 | Zot:5    | Noticed an orb of fire
 70996 | Zot:5    | Noticed an ancient lich
 71001 | Zot:5    | Gained mutation: Your magical capacity is low. (-10% MP)
                  | [an orb of fire]
 71005 | Zot:5    | Noticed an orb of fire
 71007 | Zot:5    | Gained mutation: You are dopey. (Int -2) [an orb of fire]
 71009 | Zot:5    | Killed an orb of fire
 71014 | Zot:5    | Killed an ancient lich
 71016 | Zot:5    | Gained mutation: You sometimes lose the ability to read
                  | scrolls when taking damage. [an orb of fire]
 71024 | Zot:5    | Gained mutation: You are very dopey. (Int -4) [an orb of
                  | fire]
 71027 | Zot:5    | Gained mutation: Your body sometimes deteriorates upon
                  | taking damage. [an orb of fire]
 71028 | Zot:5    | Killed an orb of fire
 71029 | Zot:5    | Reached skill level 25 in Fighting
 71052 | Zot:5    | Noticed an orb of fire
 71056 | Zot:5    | Gained mutation: Your body often deteriorates upon taking
                  | damage. [an orb of fire]
 71061 | Zot:5    | Gained mutation: Your system is resistant to poisons.
                  | (rPois) [an orb of fire]
 71063 | Zot:5    | Killed an orb of fire
 71067 | Zot:5    | Reached ***** piety under the Shining One
 71177 | Zot:5    | Noticed a Killer Klown
 71193 | Zot:5    | Killed a Killer Klown
 71214 | Zot:5    | Noticed a dread lich
 71217 | Zot:5    | Killed a dread lich
 71221 | Zot:5    | Noticed an ancient lich
 71223 | Zot:5    | Noticed a Killer Klown
 71226 | Zot:5    | Noticed a dread lich
 71229 | Zot:5    | Killed an ancient lich
 71231 | Zot:5    | Killed a Killer Klown
 71231 | Zot:5    | Noticed a dread lich
 71246 | Zot:5    | Killed a dread lich
 71249 | Zot:5    | Killed a dread lich
 71428 | Zot:5    | Noticed an ancient lich
 71428 | Zot:5    | Noticed a dread lich
 71569 | Zot:5    | Noticed an orb of fire
 71580 | Zot:5    | Noticed a dread lich
 71592 | Zot:5    | Gained mutation: You occasionally shout uncontrollably at
                  | your foes. [an orb of fire]
 71593 | Zot:5    | Killed a dread lich
 71599 | Zot:5    | Killed an orb of fire
 71685 | Zot:5    | Noticed an ancient lich
 71698 | Zot:5    | Killed an ancient lich
 71714 | Zot:5    | Killed a dread lich
 71733 | Zot:5    | Killed an ancient lich
 71884 | Zot:5    | Noticed a dread lich
 71886 | Zot:5    | Noticed a Killer Klown
 71896 | Zot:5    | Killed a dread lich
 71900 | Zot:5    | Killed a Killer Klown
 72415 | Vaults:5 | Entered Level 5 of the Vaults
 72435 | Vaults:5 | Identified the ring "Huinirei" {rC- rN+ Int+6 Dex+4}
 72651 | Vaults:5 | Reached skill level 26 in Fighting
 72862 | Vaults:5 | Acquired a manual of Stealth
 72960 | Vaults:5 | Got a silver rune of Zot
 72970 | Vaults:5 | Reached ****** piety under the Shining One
 73023 | Vaults:5 | Noticed an ancient lich
 73033 | Vaults:5 | Identified a +9 executioner's axe of holy wrath (a +9
                  | executioner's axe of electrocution blessed by the Shining
                  | One)
 73033 | Vaults:5 | Received a gift from the Shining One
 73033 | Vaults:5 | Killed an ancient lich
 73145 | Vaults:5 | Got the Guide on Frigorific Bewitchment
 73306 | Vaults:5 | Got the Guide on Enchantment and Flames
 74006 | Depths:2 | Fell from the grace of the Shining One
 74006 | Depths:2 | Became a worshipper of Zin the Law-Giver
 74007 | Depths:2 | Donated 2090 gold pieces to Zin
 74026 | Pan      | Entered Pandemonium
 74026 | Pan      | Noticed Kaakoorch the pandemonium lord
 74047 | Pan      | Killed Kaakoorch the pandemonium lord
 74066 | Pan      | HP: 9/240 [demonspawn warmonger/arrow (31)]
 74279 | Pan      | Got a demonic rune of Zot
 74856 | Pan      | Noticed Diniar the pandemonium lord
 74938 | Pan      | Killed Diniar the pandemonium lord
 75139 | Pan      | Lost mutation: You occasionally shout uncontrollably at
                  | your foes. [potion of mutation]
 75139 | Pan      | Lost mutation: Your system is resistant to poisons. (rPois)
                  | [potion of mutation]
 75140 | Pan      | Lost mutation: Your magical capacity is low. (-10% MP)
                  | [potion of mutation]
 75140 | Pan      | Lost mutation: You are very dopey. (Int -4) [potion of
                  | mutation]
 75141 | Pan      | Lost mutation: Your body often deteriorates upon taking
                  | damage. [potion of mutation]
 75141 | Pan      | Lost mutation: You are dopey. (Int -2) [potion of mutation]
 75141 | Pan      | Lost mutation: Your body sometimes deteriorates upon taking
                  | damage. [potion of mutation]
 75142 | Pan      | Lost mutation: You sometimes lose the ability to read
                  | scrolls when taking damage. [potion of mutation]
 75647 | Pan      | Found an exit through the horrors of the Abyss.
 75722 | Pan      | Found an exit through the horrors of the Abyss.
 75945 | Pan      | Reached skill level 27 in Fighting
 76324 | Pan      | Noticed Udog the pandemonium lord
 76348 | Pan      | Killed Udog the pandemonium lord
 77291 | Pan      | Found a huge runed translucent gate.
 77294 | Pan      | Found a huge runed translucent gate.
 77295 | Pan      | Found a huge runed translucent gate.
 77295 | Pan      | Found a huge runed translucent gate.
 77295 | Pan      | Found a huge runed translucent gate.
 77295 | Pan      | Found a huge runed translucent gate.
 77298 | Pan      | Found a huge runed translucent gate.
 77314 | Pan      | Noticed Weihel the pandemonium lord
 77540 | Pan      | Killed Weihel the pandemonium lord
 77548 | Pan      | Entered the realm of Gloorx Vloq.
 77645 | Pan      | Found an exit through the horrors of the Abyss.
 78399 | Pan      | Noticed Gloorx Vloq
 78420 | Pan      | Killed Gloorx Vloq
 78615 | Pan      | Got a dark rune of Zot
 78924 | Pan      | Noticed Husoph the pandemonium lord
 78935 | Pan      | Killed Husoph the pandemonium lord
 79295 | Pan      | Found an exit through the horrors of the Abyss.
 79541 | Pan      | Entered the realm of Cerebov.
 80007 | Pan      | Found the +6 sword of Cerebov {flame}
 80007 | Pan      | Noticed Cerebov
 80032 | Pan      | Zin protects you from harm!
 80032 | Pan      | Killed from afar by Cerebov

Illustrated notes

Levels and vault maps discovered:
D:1:      giann_wishing_wells, layout_loops_cross,
          hellmonk_ecumenical_altar_blasted, minmay_pentomino_w4
D:2:      layout_basic, serial_shops, nicolae_shop_stone,
          chequers_decorated_corner
D:3:      layout_basic, trog_book, mainiacjoe_overflow_alcove_1,
          hangedman_decor_clover_reticule
D:4:      layout_loops_ring
D:5:      layout_loops_ring, palyth_temple_overflow_mages,
          yredelemnul_forgotten_temple_becter, fedhas_altar_4, temple_hall,
          portal_sewer_entry_b, lemuel_flamethrower_2, uniq_crazy_yiuf_cottage
D:6:      layout_loops_ring, nicolae_overflow_hidden_temple,
          kennysheep_mini_moat, uniq_eustachio
D:7:      layout_loops_corners, grunt_dithmenos_shadows, zin_purify,
          serial_shops, shop
D:8:      layout_basic, serial_corexii_hall, corexii_hall_statues_u,
          corexii_hall_statues_deadend, corexii_hall_statues_t,
          corexii_hall_statues_t, chequers_hall_statues_corner_a,
          corexii_hall_statues_s
D:9:      kennysheep_seaside_town, layout_long_grid,
          lemuel_coloured_pillars_altar, minmay_puff, uniq_psyche
D:10:     layout_roguey, mainiacjoe_overflow_small_starburst, enter_bailey_5,
          minmay_bent
D:11:     minmay_razor_zed, layout_layer_cave, david_lair_generic, uniq_grum
D:12:     minmay_cut_squares, layout_cave_pools, gammafunk_ghost_split
D:13:     layout_long_grid, hangedman_decor_points, uniq_nessos
D:14:     layout_basic, grunt_vaults_entry_fortified,
          hellmonk_ghost_happy_afterlife, grunt_decor_mini_mirrors,
          trog_hazing_becter, uniq_frances
D:15:     hangedman_depths_entry_try_elsewhere_first, layout_loops_ring,
          minmay_misc_feat_secret_circle, serial_glass, glass_columns_c,
          glass_columns_a, due_unseen_surprise, minmay_strange_pillars,
          item_on_display_a
Temple:   grunt_temple_mini_profane
Lair:1:   layout_chaotic_city, serial_bayou, serial_bayou_pond_b,
          serial_bayou_pond_e, serial_bayou_pond_b, serial_bayou_pond_c,
          grunt_megastairs_4
Lair:2:   layout_cave_pods, gauntlet_entry_generic, infiniplex_staircase_pool_2,
          serial_bayou_shore_b
Lair:3:   layout_big_grid, hellmonk_spider_entry_life_and_decay,
          kennysheep_snail_temple, uniq_snorg
Lair:4:   layout_regular_city, minmay_shoals_entry_lonely_mermaid
Lair:5:   dreamdust_labyrinth, layout_long_grid, chequers_serial_rivers_large_b
Lair:6:   hangedman_lair_tendril_chambers, layout_cave_pods,
          guppyfry_lair_end_dragon, minmay_slime_entry_pillars
Shoals:1: layout_shoals, uniq_jorgrun
Shoals:2: layout_shoals, ebering_ghost_rock_garden, uniq_ilsuiw, uniq_polyphemus
Shoals:3: layout_shoals, uniq_mlioglotl
Shoals:4: shoals_end_grunt_ice, layout_shoals, uniq_donald, uniq_roxanne
Spider:1: layout_spider_delve, uniq_louise
Spider:2: layout_spider_delve
Spider:3: cheibrodos_spider_deadly_dance
Spider:4: spider_rune_water, spiders_nest_hornet_nest
Slime:1:  layout_caves
Slime:2:  layout_caves
Slime:3:  layout_caves, cheibrodos_slime_lost_civilization_7
Slime:4:  layout_caves
Slime:5
Orc:1:    layout_caves, portal_ice_cave_entry_ice_simulacra, serial_shops,
          nicolae_lakefront_shop, minmay_orc_temple_a, uniq_harold,
          uniq_josephine, uniq_maurice
Orc:2:    grunt_orc_tribal_feast, layout_diamond_mine, special_room,
          serial_shops, shop_fountains, nicolae_shop_self_help
Elf:1:    eino_elf_arrival_altar, layout_loops_corners, serial_shops,
          bzr_firewalk, minmay_elf_annihilation, glass_columns_c,
          nrook_mini_backslash, uniq_agnes, uniq_asterion
Elf:2:    nicolae_elf_blades_splatter_lattice
          [nicolae_vaults_blade_armed_guards], layout_geoelf_octagon
Elf:3:    minmay_elf_hall_quartered_circle, layout_loops_ring,
          grunt_megastairs_2, minmay_shoptagon
Vaults:1: nicolae_vaults_network_quincunx
          [nicolae_vaults_network_quincunx_subvault,
          nicolae_vaults_network_quincunx_subvault,
          nicolae_vaults_network_quincunx_subvault,
          nicolae_vaults_network_quincunx_subvault,
          nicolae_vaults_network_quincunx_subvault], vaults_room_large_hall,
          grunt_vaults_funnel, st_cells, v_misc_28, layout_vaults_omnicross
Vaults:2: ontoclasm_vaults_idyll, v_misc_10, v_misc_13, hangedman_vaults_trim,
          hangedman_vaults_stretched_pinwheel, hangedman_vaults_stagger,
          ontoclasm_vaults_idyll, v_pattern_4, v_misc_13,
          dpeg_vaults_monster_box, layout_vaults_maze_snakey, serial_shops, shop
Vaults:3: portal_desolation_entry_garden, vaults_room_guarded_vault, v_misc_11,
          vaults_room_door_ring, ontoclasm_vaults_loading_screen,
          layout_vaults_omnigrid, blue_anna_dwarven_crypt
Vaults:4: grunt_vaults_swirl, v_misc_8, vaults_dpeg_spiral,
          vaults_mumra_minichess, v_misc_4, vaults_mumra_chevron,
          nicolae_vaults_windows_and_doors_thing, v_misc_1,
          ontoclasm_vaults_idyll, st_squares, nicolae_vaults_big_angled_halls,
          ontoclasm_vaults_ligature, v_alt_pattern_2, v_misc_16,
          vaults_dpeg_cross, layout_vaults_omnibox
Vaults:5
Crypt:1:  layout_chaotic_city, minivault_27, roderic_lattice_octagonal_star,
          grunt_crypt_arrival_split
Crypt:2:  layout_chaotic_city, gammafunk_ghost_arena
Crypt:3:  lightli_unholy_cathedral, layout_chaotic_city,
          tomb_entry_simple_bobbens, serial_glass, glass_columns_b,
          glass_columns_a, columned_hall_lemuel, minmay_misc_feat_cross,
          uniq_saint_roka
Depths:1: layout_gridlike, serial_shops, bzr_entry_safe,
          grunt_hell_entry_dis_grunt, grunt_decor_cap,
          marbit_kobold_abyss_entry, kennysheep_generic_room_7,
          minmay_shop_grove, kennysheep_random_hallway
Depths:2: minmay_four_inscribed_fans, layout_cave_shapes, pan_entry,
          lemuel_round_altar, minmay_room_of_horrors, hell_entry,
          minmay_staircase_windowed_small
Depths:3: minmay_the_grid_triangle_9x9_rhombus_thin_mashed
          [minmay_the_grid_triangle_9x9_zippers_horizontal,
          minmay_the_grid_triangle_9x9_prize_center,
          minmay_the_grid_triangle_9x9_descending_squares,
          minmay_the_grid_triangle_9x9_semitri], layout_gridlike,
          enter_ziggurat_c, minmay_tree_intersection, abyss_entry,
          grunt_metal_band, grunt_ministairs_12, nicolae_burly_brawl,
          infiniplex_staircase_star, uniq_sojobo
Depths:4: grunt_zot_entry_pinwheel, layout_gridville, pf_hell_entry_tar_river,
          hangedman_abyss_entry_splay, minmay_misc_feat_chi, minivault_16,
          serial_bayou_shore_b
Hell
Zot:1:    layout_gridlike
Zot:2:    layout_misc_corridors
Zot:3:    layout_cellular_growth, grunt_ministairs_15
Zot:4:    layout_concentric_octagons, grunt_ministairs_10
Zot:5:    layout_basic
Pan:      grunt_pan_frozen_over, layout_irregular_city,
          nicolae_pan_sigil_uleosi, nicolae_pan_cerebovesque_2,
          reaverb_pan_figure_eight, pan_disco_hall, layout_gridlike,
          pan_blood_fountain_small, nicolae_pan_lom_lobonic_2, rand_demon_6,
          layout_grid_shapes, pan_blood_fountain_small,
          evilmike_mini_pan_corner, layout_basic, nicolae_pan_mnolegish_4,
          nicolae_pan_sick_transit, evilmike_mini_pan_V, layout_cellular_growth,
          nicolae_pan_giant_door, layout_rooms, pan_blood_fountain,
          gloorx_vloq_st, layout_basic, nicolae_pan_sigil_eeng,
          grunt_pan_spiral, layout_small_grid, cerebov_grunt, layout_gridville

Skill      XL: |  1  2  3  4  5  6  7  8  9 10 11 12 13 14 15 16 17 18 19 20 21 22 23 24 25 26 27 |
---------------+----------------------------------------------------------------------------------+-----
Shields        | 4 5 8 10 12 14 15 | 15.0
Fighting       | 4 5 6 7 8 10 11 12 13 14 15 16 17 18 19 20 21 22 23 27 | 27.0
Armour         | 4 5 6 7 8 10 11 12 13 14 15 16 17 18 19 25 | 25.9
Axes           | 3 4 5 6 7 8 10 11 13 14 15 16 17 18 19 24 | 24.7
Invocations    | 3 6 7 9 10 11 12 21 | 21.5
Evocations     | 3 5 7 8 9 10 12 13 | 13.2
Stealth        | 3 8 10 | 10.1
Dodging        | 4 6 7 9 10 11 | 11.0
Hexes          | 3 5 8 10 | 10.1
Spellcasting   | 2 4 6 |  6.2
Translocations | 2 5 7 8 10 11 | 11.2
Earth Magic    | 4 8 |  8.2
Crossbows      | 3 7 9 10 12 13 | 13.3
Transmutations | 5 |  5.5

Action                   |  1- 3 |  4- 6 |  7- 9 | 10-12 | 13-15 | 16-18 | 19-21 | 22-24 | 25-27 || total
-------------------------+-------+-------+-------+-------+-------+-------+-------+-------+-------++-------
Melee: War axe           |    98 |    40 |       |       |       |       |       |       |       ||   138
       Hand axe          |       |    42 |   309 |   260 |       |       |       |       |       ||   611
       Battleaxe         |       |       |       |   173 |   751 |   867 |  1021 |  1349 |  3445 ||  7606
       Executioner's axe |       |       |       |       |       |       |       |       |   804 ||   804
 Fire: Arbalest          |       |       |       |       |       |       |       |    19 |    16 ||    35
Throw: Throwing net      |       |       |       |     1 |       |       |       |       |       ||     1
       Dart              |       |       |       |     5 |     1 |       |       |       |       ||     6
Invok: Heroism           |       |       |     1 |    10 |    11 |    21 |    14 |    12 |    16 ||    85
       Finesse           |       |       |       |       |     4 |     4 |     1 |       |     5 ||    14
       Duel              |       |       |       |       |     2 |       |       |     2 |       ||     4
       Recite            |       |       |       |       |       |       |       |       |    14 ||    14
       Divine Shield     |       |       |       |       |       |       |       |       |    11 ||    11
       Vitalisation      |       |       |       |       |       |       |       |       |     7 ||     7
       Sanctuary         |       |       |       |       |       |       |       |       |     2 ||     2
       Donate Gold       |       |       |       |       |       |       |       |       |     2 ||     2
       Brand Weapon With |       |       |       |       |       |       |       |       |     1 ||     1
 Abil: Dig               |       |       |     2 |     5 |     5 |     7 |     7 |     4 |    29 ||    59
Evoke: Wand              |       |       |       |     6 |     1 |     4 |       |       |    10 ||    21
       Tin of tremorston |       |       |       |       |     2 |     2 |       |       |     6 ||    10
       Condenser vane    |       |       |       |       |     1 |     2 |     1 |       |     2 ||     6
       Lightning rod     |       |       |       |       |       |     4 |       |       |     1 ||     5
       Phial of floods   |       |       |       |       |       |       |       |       |     1 ||     1
  Use: Scroll            |     1 |       |    11 |     5 |     8 |     6 |     1 |     1 |    30 ||    63
       Potion            |       |       |     5 |     1 |     2 |    10 |     2 |     2 |    29 ||    51
 Stab: Confused          |       |       |     1 |       |       |       |       |       |     8 ||     9
       Held in net/web   |       |       |       |     1 |       |       |     1 |       |       ||     2
       Distracted        |       |       |       |       |     1 |     1 |       |     2 |     6 ||    10
       Sleeping          |       |       |       |       |       |     4 |     1 |    12 |     6 ||    23
       Petrified         |       |       |       |       |       |       |     2 |       |       ||     2
Armor: Scale mail        |    39 |       |       |       |       |       |       |       |       ||    39
       Plate armour      |    19 |    30 |    95 |       |       |       |   258 |   343 |   572 ||  1317
       Ring mail         |       |       |    58 |   236 |   405 |   405 |    37 |    35 |   112 ||  1288
       Crystal plate arm |       |       |       |       |       |       |       |       |  1331 ||  1331
Dodge: Dodged            |    49 |    18 |   103 |   279 |   350 |   291 |   156 |   233 |   716 ||  2195
       Repelled          |       |       |       |       |       |       |     4 |     6 |    15 ||    25
Block: Buckler           |    21 |    23 |    55 |   134 |   152 |    39 |       |       |       ||   424
       Tower shield      |       |       |       |       |       |  1055 |  1416 |  1683 |  5819 ||  9973
       Reflection        |       |       |       |       |       |    39 |    95 |    59 |   136 ||   329
